 Dungeon Crawl Stone Soup version 0.27-a0-287-gd4424db430 (webtiles) character file.

Game seed: 7215665077819395813

116 puppykicker the Chopper (level 5, -6/38 (41) HPs)
             Began as a Formicid Abyssal Knight on Feb 9, 2021.
             Was a Believer of Lugonu.
             Mangled by Crazy Yiuf
             ... wielding a +2 quarterstaff of chaos
              (8 damage)
             ... on level 3 of the Dungeon.
             The game lasted 00:07:50 (2862 turns).

puppykicker the Chopper (Formicid Abyssal Knight)   Turns: 2862, Time: 00:07:51

HP:   -6/38 (41)    AC:  8    Str: 17    XL:     5   Next: 21%
MP:   6/6           EV:  2    Int: 12    God:    Lugonu [**....]
Gold: 109           SH: 12    Dex: 10    Spells: 4/4 levels left

rFire    + . .     SeeInvis +   a - +1 war axe
rCold    + . .     Faith    .   g - +1 tower shield
rNeg     . . .     Spirit   .   d - +0 chain mail
rPois    +         Reflect  .   (helmet unavailable)
rElec    +         Harm     .   b - scarf {+Inv}
rCorr    +         Rampage  .   (no gloves)
Will     .....                  (no boots)
Stlth    ..........             (no amulet)
HPRegen  0.12/turn              (no ring)
MPRegen  0.10/turn              (no ring)

@: mighty, resistant, drained
A: permanent stasis, dig shafts and tunnels, four strong arms, antennae 3
a: Dig, Shaft Self, Renounce Religion, Evoke Invisibility, Depart the Abyss,
Bend Space


You were on level 3 of the Dungeon.
You worshipped Lugonu.
Lugonu was pleased with you.
You visited 1 branch of the dungeon, and saw 3 of its levels.
You visited the Abyss 1 time.

You collected 109 gold pieces.

Inventory:

Hand Weapons
 a - a +1 war axe (weapon)
Missiles
 h - 37 arrows
 l - 5 boomerangs
 m - 12 poisoned darts (quivered)
 Q - 7 bolts
Armour
 b - a scarf of invisibility (worn)
 d - a +0 chain mail (worn)
 g - a +1 tower shield (worn)
Scrolls
 j - a scroll of remove curse


   Skills:
 + Level 3.3 Fighting
 * Level 4.8 Axes
 + Level 2.2 Armour
 + Level 1.0 Dodging
 + Level 0.1 Shields
 + Level 2.2 Invocations
 + Level 0.1 Evocations


You had 4 spell levels left.
You didn't know any spells.
Your spell library was empty.

Dungeon Overview and Level Annotations

Branches:
Dungeon (3/15)

Altars:
Ashenzari
Fedhas

Annotations:
D:3 Crazy Yiuf


Innate Abilities, Weirdness & Mutations

You cannot be hasted, slowed, berserked, paralysed or teleported.
You can dig through walls and to a lower floor.
Your four strong arms can wield two-handed weapons with a shield.
You have a pair of large antennae on your head. (SInv)


Message History

MP restored: 6 Unknown command.
You hit Crazy Yiuf. Crazy Yiuf hits you but does no damage.
Your stasis prevents you from being hasted.
You block Crazy Yiuf's attack. Crazy Yiuf barely misses you.
Unknown command.
You hit Crazy Yiuf.
Crazy Yiuf hits you with a +2 quarterstaff of chaos!
* * * LOW HITPOINT WARNING * * *
You block Crazy Yiuf's attack.
You take 11 damage, and have 10/38 hp.
MASSIVE DAMAGE!!
You barely miss Crazy Yiuf. Crazy Yiuf barely misses you.
Crazy Yiuf hits you with a +2 quarterstaff of chaos!
* * * LOW HITPOINT WARNING * * *
You take 8 damage, and have 2/38 hp.
MASSIVE DAMAGE!!
You slash Crazy Yiuf!
Crazy Yiuf hits you with a +2 quarterstaff of chaos!
You die...

.#
#......................)
.#
#.....................†.
.#
#.......................
##
###############.........
####### #.........
#.....# #.........
#.....###♣♣ ###
#......... #(........♣♣
♣♣#).)# #.........
#..........♣♣♣♣@g...#
#.........
##..........)♣..♣#..)#
#.........
.[.........)♣)♣♣♣ ###
##########
##########♣♣♣♣♣


You could see Crazy Yiuf (berserk).

Levels and vault maps discovered:
D:1:      minmay_arrival_diagonal_passages, layout_basic, minmay_tromino_v4_b
D:2:      layout_loops_cross, lemuel_round_altar, evilmike_ruin_ashenzari
D:3:      layout_basic, marbit_many_paths, uniq_crazy_yiuf_cottage

Notes
Turn   | Place    | Note
-------+----------+-------------------------------------------
     0 | Abyss:1  | puppykicker the Formicid Abyssal Knight began the quest for
                  | the Orb.
     0 | Abyss:1  | Reached XP level 1. HP: 18/18 MP: 2/2
   168 | Abyss:1  | Noticed a neqoxec
   169 | D:1      | Escaped the Abyss
   193 | D:1      | Identified a cursed -2 club
   217 | D:1      | Reached XP level 2. HP: 17/24 MP: 3/3
   335 | D:1      | Identified a +0 whip
   416 | D:1      | Identified a +0 dagger
   490 | D:1      | Identified a +0 club
   493 | D:1      | Reached skill level 3 in Axes
   517 | D:1      | Identified a +0 club
   521 | D:1      | Reached * piety under Lugonu
   529 | D:1      | Identified a +0 dagger
   719 | D:1      | Reached XP level 3. HP: 27/29 MP: 4/4
   806 | D:1      | Identified a +0 club
   816 | D:1      | Identified a +0 club
   932 | D:1      | Identified a cursed -2 dagger
  1002 | D:1      | Identified a +0 spear
  1419 | D:2      | Identified a +0 club
  1596 | D:2      | Found a blossoming altar of Fedhas.
  1605 | D:2      | Identified 2 scrolls of blinking
  1633 | D:2      | Identified a +0 flail
  1762 | D:2      | Found a broken altar of Ashenzari.
  2023 | D:2      | Reached skill level 4 in Axes
  2023 | D:2      | Reached XP level 4. HP: 31/35 MP: 5/5
  2061 | D:2      | Identified 2 scrolls of identify
  2061 | D:2      | Identified a potion of curing
  2062 | D:2      | Identified a scroll of enchant armour
  2063 | D:2      | Identified 2 potions of degeneration
  2065 | D:2      | Identified a scroll of remove curse
  2089 | D:3      | Identified a cursed -3 short sword
  2372 | D:3      | Identified a +0 falchion
  2372 | D:3      | Identified a +0 chain mail
  2385 | D:3      | Reached ** piety under Lugonu
  2411 | D:3      | Identified a +0 club
  2415 | D:3      | Identified a +0 leather armour
  2415 | D:3      | Identified a +0 mace
  2415 | D:3      | Identified a +0 club
  2416 | D:3      | Identified a +0 falchion
  2484 | D:3      | Reached XP level 5. HP: 16/41 MP: 6/6
  2709 | D:3      | Identified a +0 club
  2709 | D:3      | Identified a +0 ring mail
  2721 | D:3      | Identified a +0 war axe (You found it on level 3 of the
                  | Dungeon)
  2728 | D:3      | Identified a scarf of invisibility (You found it on level 3
                  | of the Dungeon)
  2733 | D:3      | Identified a +1 tower shield (You found it on level 1 of
                  | the Dungeon)
  2761 | D:3      | Identified a +0 club
  2762 | D:3      | Identified a cursed +0 dagger
  2771 | D:3      | Reached skill level 1 in Dodging
  2782 | D:3      | Identified a scroll of enchant weapon
  2783 | D:3      | Identified a scroll of teleportation
  2799 | D:3      | Identified a +0 dagger
  2809 | D:3      | Identified a potion of resistance
  2846 | D:3      | Found a runed translucent door.
  2847 | D:3      | Identified a +2 quarterstaff of chaos
  2847 | D:3      | Identified a +0 cloak
  2847 | D:3      | Noticed Crazy Yiuf
  2855 | D:3      | Identified a potion of heal wounds
  2857 | D:3      | Identified a potion of ambrosia
  2861 | D:3      | HP: 2/38 [Crazy Yiuf/+2 quarterstaff of chaos (8)]
  2862 | D:3      | Mangled by Crazy Yiuf

Table legend: (Time is in decaauts)
 A = Elapsed time spent in this place.
 B = Non-inter-level travel time spent in this place.
 C = Inter-level travel time spent in this place.
 D = Time resting spent in this place.
 E = Time spent auto-exploring this place.
 F = Levels seen in this place.
 G = Mean time per level.
                   A        B        C        D        E       F      G
               +--------+--------+--------+--------+--------+-----+--------+
         Total |   2893 |   2780 |    113 |    650 |   1527 |   4 |  723.2 |
       Dungeon |   2724 |   2611 |    113 |    650 |   1375 |   3 |  908.0 |
         Abyss |    169 |    169 |      0 |      0 |    152 |   1 |  169.0 |
               +--------+--------+--------+--------+--------+-----+--------+

Top non-repeatable levels by time:
     D:1: 1253 daAuts
     D:2: 874 daAuts
     D:3: 596 daAuts
 Abyss:1: 169 daAuts

Table legend:
 A = Kills in this place as a percentage of kills in entire the game.
 B = Kills by you in this place as a percentage of kills by you in the entire game.
 C = Kills by friends in this place as a percentage of kills by friends in the entire game.
 D = Other kills in this place as a percentage of other kills in the entire game.
 E = Experience gained in this place as a percentage of experience gained in the entire game.
 F = Experience gained in this place divided by the number of levels of this place that you have seen.
                   A       B       C       D       E      F
               +-------+-------+-------+-------+-------+----------------------
         Total | 100.0 | 100.0 |   N/A |   N/A | 100.0 |  41.8
       Dungeon | 100.0 | 100.0 |   N/A |   N/A | 100.0 |  55.7
               +-------+-------+-------+-------+-------+----------------------

Skill      XL: |  1  2  3  4  5 |
---------------+----------------+-----
Axes           | 3 4 |  4.8
Dodging        | 1 |  1.0
Fighting       | |  3.3
Armour         | |  2.2
Shields        | |  0.1
Invocations    | |  2.2
Evocations     | |  0.1

Action                   |  1- 3 |  4- 6 || total
-------------------------+-------+-------++-------
Melee: Hand axe          |   113 |    70 ||   183
       War axe           |       |    15 ||    15
Throw: Dart              |       |     1 ||     1
Invok: Depart the Abyss  |     1 |       ||     1
  Use: Scroll            |     1 |     7 ||     8
       Potion            |       |     4 ||     4
Armor: Leather armour    |    22 |     5 ||    27
       Chain mail        |       |    26 ||    26
Dodge: Dodged            |    83 |    35 ||   118
Block: Tower shield      |       |    18 ||    18

Vanquished Creatures
  An iguana (D:3)
  An adder (D:3)
  An adder zombie (D:2)
  2 worms
  A dart slug (D:1)
  A leopard gecko (D:1)
  6 orcs (D:3)
  7 bats
  5 giant cockroaches
  7 goblins (D:1)
  9 hobgoblins
  11 kobolds
  3 quokkas
  4 rats
59 creatures vanquished.
